TOP OF THE 1ST |
Tri-City Dust Devils batting - Pitching for West Virginia Black Bears : RHP Francisco Castillo
|
Pitching: RHP Francisco Castillo
|
|
Batting: RHB Jeremy Mercer
|
0-0: Ball 1-0: Ball 2-0: Foul Ball, location: 2F 2-1: SINGLE (Groundball, 56S, EV 76.3 MPH) (infield hit)
|
Batting: RHB Freddie Brown
|
0-0: Foul Ball, location: 2F 0-1: Ball Wild Pitch! Jeremy Mercer to second 1-1: Ground out 4-3 (Groundball, 4, EV 91.3 MPH) Jeremy Mercer to third
|
Batting: RHB Hector Fernandez
|
0-0: Ball 1-0: Ball 2-0: SINGLE (Groundball, 6MD, EV 100.0 MPH) Jeremy Mercer scores
|
Batting: LHB Frank McConnell
|
0-0: Ball 1-0: Ball 2-0: Called Strike 2-1: Called Strike 2-2: Ball 3-2: Foul Ball, location: 2F 3-2: Strikes out swinging
|
Batting: RHB Jaden Scott
|
0-0: Ball 1-0: Ball 2-0: Ball 3-0: Base on Balls Hector Fernandez to second
|
Batting: RHB Joe Weissman
|
0-0: Fielders Choice at 2nd, 5-4 (Groundball, 5, EV 89.4 MPH)
|
Top of the 1st over - 1 run, 2 hits, 0 errors, 2 left on base; Tri-City 1 - West Virginia 0 |
BOTTOM OF THE 1ST |
West Virginia Black Bears batting - Pitching for Tri-City Dust Devils : RHP Jalen Smith
|
Pitching: RHP Jalen Smith
|
|
Batting: LHB Joe Hoover
|
0-0: Swinging Strike 0-1: Called Strike 0-2: Ball 1-2: Ball 2-2: Ball 3-2: Base on Balls
|
Batting: LHB Gregg Kellerman
|
0-0: Ball Joe Hoover steals 2nd base 1-0: Ball 2-0: Fly out, F7 (Line Drive, 7S, EV 99.4 MPH)
|
Batting: RHB Jose Almonte
|
0-0: Called Strike 0-1: Foul Ball, location: 2F 0-2: SINGLE (Groundball, 6MD, EV 105.0 MPH) Joe Hoover to third Runner from 3rd tries for Home, SAFE, throw by CF to home
|
Batting: LHB Donald Imre
|
0-0: Called Strike 0-1: Ball 1-1: Called Strike 1-2: Ground out U3 (Groundball, 3S, EV 86.9 MPH) Jose Almonte to second
|
Batting: LHB Brandon Sarni
|
0-0: Called Strike 0-1: Called Strike 0-2: Foul Ball, location: 2F 0-2: Ball 1-2: Ball 2-2: Strikes out swinging
|
Bottom of the 1st over - 1 run, 1 hit, 0 errors, 1 left on base; Tri-City 1 - West Virginia 1 |
TOP OF THE 2ND |
Tri-City Dust Devils batting - Pitching for West Virginia Black Bears : RHP Francisco Castillo
|
Batting: RHB Bryan Pitcher
|
0-0: Called Strike 0-1: Ground out 4-3 (Groundball, 4, EV 90.6 MPH)
|
Batting: LHB Paul Adams
|
0-0: Called Strike 0-1: Ball 1-1: Ball 2-1: Foul Ball, location: 2F 2-2: Strikes out swinging
|
Batting: RHB Derrick Abrams
|
0-0: Called Strike 0-1: Swinging Strike 0-2: Foul Ball, location: 2F 0-2: Strikes out swinging
|
Top of the 2nd over - 0 runs, 0 hits, 0 errors, 0 left on base; Tri-City 1 - West Virginia 1 |
BOTTOM OF THE 2ND |
West Virginia Black Bears batting - Pitching for Tri-City Dust Devils : RHP Jalen Smith
|
Batting: RHB Chris Pozzi
|
0-0: Ground out 5-3 (Groundball, 56, EV 87.5 MPH)
|
Batting: RHB Freddy Quintero
|
0-0: DOUBLE (Groundball, 5L, EV 103.1 MPH)
|
Batting: RHB Richard Barrios
|
0-0: Ball 1-0: Swinging Strike 1-1: Called Strike 1-2: Strikes out looking
|
Batting: RHB Steve Dennis
|
0-0: Foul Ball, location: 2F 0-1: Foul Ball, location: 2F 0-2: Ball 1-2: Ball 2-2: Strikes out swinging
|
Bottom of the 2nd over - 0 runs, 1 hit, 0 errors, 1 left on base; Tri-City 1 - West Virginia 1 |
TOP OF THE 3RD |
Tri-City Dust Devils batting - Pitching for West Virginia Black Bears : RHP Francisco Castillo
|
Batting: RHB Jeremy Mercer
|
0-0: Ball 1-0: Ball 2-0: SINGLE (Line Drive, 78S, EV 95.0 MPH)
|
Batting: RHB Freddie Brown
|
0-0: Ball 1-0: Ball 2-0: SINGLE (Groundball, 3D, EV 101.9 MPH) Jeremy Mercer to second Runner from 2nd tries for 3rd, SAFE, throw by RF made at trailing runner, OUT! 9-6
|
Batting: RHB Hector Fernandez
|
0-0: Fly out, F7 (Line Drive, 7D, EV 88.1 MPH) Runner from 3rd tags up, SCORES, no throw by LF
|
Batting: LHB Frank McConnell
|
0-0: Ball 1-0: Ball 2-0: Called Strike 2-1: Called Strike 2-2: Ball 3-2: Fly out, F7 (Flyball, 7LM, EV 88.1 MPH)
|
Top of the 3rd over - 1 run, 2 hits, 0 errors, 0 left on base; Tri-City 2 - West Virginia 1 |
BOTTOM OF THE 3RD |
West Virginia Black Bears batting - Pitching for Tri-City Dust Devils : RHP Jalen Smith
|
Batting: LHB Joe Hoover
|
0-0: Ball 1-0: Called Strike 1-1: Ball 2-1: Ball 3-1: Ground out 4-3 (Groundball, 4, EV 95.6 MPH)
|
Batting: LHB Gregg Kellerman
|
0-0: Ball 1-0: Called Strike 1-1: Ball 2-1: Ball 3-1: Ground out 4-3 (Groundball, 4MD, EV 108.8 MPH)
|
Batting: RHB Jose Almonte
|
0-0: Ball 1-0: Swinging Strike 1-1: Called Strike 1-2: Ground out 6-3 (Groundball, 6, EV 92.5 MPH)
|
Bottom of the 3rd over - 0 runs, 0 hits, 0 errors, 0 left on base; Tri-City 2 - West Virginia 1 |
TOP OF THE 4TH |
Tri-City Dust Devils batting - Pitching for West Virginia Black Bears : RHP Francisco Castillo
|
Batting: RHB Jaden Scott
|
0-0: SOLO HOME RUN (Flyball, 7LD, EV 91.3 MPH), Distance : 354 ft
|
Batting: RHB Joe Weissman
|
0-0: Swinging Strike 0-1: Swinging Strike 0-2: Ball 1-2: Strikes out swinging, 2-3 out at first.
|
Batting: RHB Bryan Pitcher
|
0-0: Fly out, F7 (Flyball, 7S, EV 83.8 MPH)
|
Batting: LHB Paul Adams
|
0-0: Ball 1-0: Fly out, F9 (Flyball, 9S, EV 86.9 MPH)
|
Top of the 4th over - 1 run, 1 hit, 0 errors, 0 left on base; Tri-City 3 - West Virginia 1 |
BOTTOM OF THE 4TH |
West Virginia Black Bears batting - Pitching for Tri-City Dust Devils : RHP Jalen Smith
|
Batting: LHB Donald Imre
|
0-0: Ball 1-0: Foul Ball, location: 2F 1-1: Foul Ball, location: 2F 1-2: Foul Ball, location: 2F 1-2: Ball 2-2: Ball 3-2: Strikes out looking
|
Batting: LHB Brandon Sarni
|
0-0: Swinging Strike 0-1: Ball 1-1: DOUBLE (Groundball, 5L, EV 110.6 MPH)
|
Batting: RHB Chris Pozzi
|
0-0: Foul Ball, location: 2F 0-1: Called Strike 0-2: Strikes out looking
|
Batting: RHB Freddy Quintero
|
0-0: Called Strike 0-1: Foul Ball, location: 2F 0-2: Ball 1-2: Strikes out looking
|
Bottom of the 4th over - 0 runs, 1 hit, 0 errors, 1 left on base; Tri-City 3 - West Virginia 1 |
TOP OF THE 5TH |
Tri-City Dust Devils batting - Pitching for West Virginia Black Bears : RHP Francisco Castillo
|
Batting: RHB Derrick Abrams
|
0-0: Ball 1-0: Called Strike 1-1: Called Strike 1-2: Foul Ball, location: 2F 1-2: Foul Ball, location: 2F 1-2: Ball 2-2: Strikes out swinging
|
Batting: RHB Jeremy Mercer
|
0-0: Ball 1-0: Foul Ball, location: 2F 1-1: Foul Ball, location: 2F 1-2: Ball 2-2: Foul Ball, location: 2F 2-2: Ball 3-2: Base on Balls
|
Batting: RHB Freddie Brown
|
0-0: Ball Jeremy Mercer steals 2nd base 1-0: Called Strike Jeremy Mercer steals 3rd base 1-1: Ground out U3 (Groundball, 34, EV 99.4 MPH)
|
Batting: RHB Hector Fernandez
|
0-0: Called Strike 0-1: Ground out 4-3 (Groundball, 4, EV 81.9 MPH)
|
Top of the 5th over - 0 runs, 0 hits, 0 errors, 1 left on base; Tri-City 3 - West Virginia 1 |
BOTTOM OF THE 5TH |
West Virginia Black Bears batting - Pitching for Tri-City Dust Devils : RHP Jalen Smith
|
Batting: RHB Richard Barrios
|
0-0: Called Strike 0-1: Called Strike 0-2: Ball 1-2: Ball 2-2: Strikes out swinging
|
Batting: RHB Steve Dennis
|
0-0: Called Strike 0-1: Ball 1-1: Swinging Strike 1-2: Foul Ball, location: 2F 1-2: Hit by Pitch
|
Batting: LHB Joe Hoover
|
0-0: Called Strike 0-1: Grounds into double play, 5-4-3 (Groundball, 5, EV 76.3 MPH)
|
Bottom of the 5th over - 0 runs, 0 hits, 0 errors, 0 left on base; Tri-City 3 - West Virginia 1 |
TOP OF THE 6TH |
Tri-City Dust Devils batting - Pitching for West Virginia Black Bears : RHP Francisco Castillo
|
Batting: LHB Frank McConnell
|
0-0: Foul Ball, location: 2F 0-1: Ground out 4-3 (Groundball, 4, EV 101.9 MPH)
|
Batting: RHB Jaden Scott
|
0-0: Called Strike 0-1: Ball 1-1: Ground out 4-3 (Groundball, 4, EV 97.5 MPH)
|
Batting: RHB Joe Weissman
|
0-0: Ball 1-0: Ball 2-0: Foul Ball, location: 2F 2-1: Ground out 3-1 (Groundball, 34, EV 101.3 MPH)
|
Top of the 6th over - 0 runs, 0 hits, 0 errors, 0 left on base; Tri-City 3 - West Virginia 1 |
BOTTOM OF THE 6TH |
West Virginia Black Bears batting - Pitching for Tri-City Dust Devils : RHP Jalen Smith
|
Batting: LHB Gregg Kellerman
|
0-0: Ball 1-0: Foul Ball, location: 2F 1-1: Called Strike 1-2: Fly out, F7 (Flyball, 7LS, EV 77.5 MPH)
|
Batting: RHB Jose Almonte
|
0-0: Ball 1-0: SINGLE (Groundball, 4MD, EV 101.3 MPH)
|
Batting: LHB Donald Imre
|
0-0: Called Strike 0-1: Ball 1-1: Called Strike 1-2: Foul Ball, location: 2F 1-2: SINGLE (Groundball, 34, EV 105.6 MPH) Jose Almonte to second Runner from 2nd tries for 3rd, SAFE, throw by RF made to third Donald Imre to second
|
Batting: LHB Brandon Sarni
|
0-0: Called Strike 0-1: Ball 1-1: Fly out, F9 (Flyball, 89M, EV 86.3 MPH)
|
Batting: RHB Chris Pozzi
|
0-0: Foul Ball, location: 2F 0-1: Swinging Strike 0-2: Strikes out swinging
|
Bottom of the 6th over - 0 runs, 2 hits, 0 errors, 2 left on base; Tri-City 3 - West Virginia 1 |
TOP OF THE 7TH |
Tri-City Dust Devils batting - Pitching for West Virginia Black Bears : RHP Francisco Castillo
|
Batting: RHB Bryan Pitcher
|
0-0: Ball 1-0: Foul Ball, location: 2F 1-1: Ground out 5-3 (Groundball, 5, EV 78.1 MPH)
|
Batting: LHB Paul Adams
|
0-0: Ball 1-0: Ball 2-0: Foul Ball, location: 2F 2-1: Ball 3-1: Base on Balls
|
Batting: RHB Derrick Abrams
|
0-0: Called Strike 0-1: Ball 1-1: Ball 2-1: Swinging Strike 2-2: Foul Ball, location: 2F 2-2: Hit by Pitch Paul Adams to second
|
Pitching: RHP Shuji Ito
|
|
Batting: RHB Jeremy Mercer
|
0-0: Ball 1-0: Ball 2-0: Called Strike 2-1: Called Strike 2-2: Strikes out swinging
|
Batting: RHB Freddie Brown
|
0-0: Fly out, F7 (Flyball, 78M, EV 88.1 MPH)
|
Top of the 7th over - 0 runs, 0 hits, 0 errors, 2 left on base; Tri-City 3 - West Virginia 1 |
BOTTOM OF THE 7TH |
West Virginia Black Bears batting - Pitching for Tri-City Dust Devils : RHP Jalen Smith
|
Batting: RHB Freddy Quintero
|
0-0: Called Strike 0-1: Foul Ball, location: 2F 0-2: Foul Ball, location: 2F 0-2: Foul Ball, location: 2F 0-2: Ball 1-2: Foul Ball, location: 2F 1-2: Foul Ball, location: 2F 1-2: Ball 2-2: Foul Ball, location: 2F 2-2: Ball 3-2: Foul Ball, location: 2F 3-2: SINGLE (Groundball, 25, EV 75.0 MPH) (infield hit)
|
Pitching: RHP Eric Teixeira
|
|
Pinch Hitting: SHB Mike Corley
|
0-0: Foul Ball, location: 2F 0-1: Hit by Pitch Freddy Quintero to second
|
Pinch Hitting: RHB John Goynes
|
0-0: Ball 1-0: Sac Bunt to 2L - play at first, batter OUT! 2-4 Freddy Quintero to third Mike Corley to second
|
Batting: LHB Joe Hoover
|
0-0: Ball 1-0: Foul Ball, location: 2F 1-1: Ball 2-1: Foul Ball, location: 2F 2-2: Strikes out swinging
|
Batting: LHB Gregg Kellerman
|
0-0: Ball 1-0: Called Strike 1-1: Ball 2-1: Ball 3-1: Base on Balls
|
Batting: RHB Jose Almonte
|
0-0: Ball 1-0: Called Strike 1-1: Called Strike 1-2: Strikes out swinging
|
Bottom of the 7th over - 0 runs, 1 hit, 0 errors, 3 left on base; Tri-City 3 - West Virginia 1 |
TOP OF THE 8TH |
Tri-City Dust Devils batting - Pitching for West Virginia Black Bears : RHP Shuji Ito
|
Now at 2B: Chris Beckham
|
|
Now at SS: Brandon Sarni
|
|
Now in RF: Mike Corley
|
|
Batting: RHB Hector Fernandez
|
0-0: Ground out 6-3 (Groundball, 6, EV 103.8 MPH)
|
Batting: LHB Frank McConnell
|
0-0: Ground out 6-3 (Groundball, 4MS, EV 65.0 MPH)
|
Batting: RHB Jaden Scott
|
0-0: Foul Ball, location: 2F 0-1: Ball 1-1: Foul Ball, location: 2F 1-2: Ball 2-2: Ball 3-2: Foul Ball, location: 2F 3-2: Foul Ball, location: 2F 3-2: Fly out, F9 (Flyball, 89D, EV 86.9 MPH)
|
Top of the 8th over - 0 runs, 0 hits, 0 errors, 0 left on base; Tri-City 3 - West Virginia 1 |
BOTTOM OF THE 8TH |
West Virginia Black Bears batting - Pitching for Tri-City Dust Devils : RHP Eric Teixeira
|
Now at 3B: Ron Major
|
|
Batting: LHB Donald Imre
|
0-0: Foul Ball, location: 2F 0-1: Foul Ball, location: 2F 0-2: Ball 1-2: Strikes out swinging
|
Batting: LHB Brandon Sarni
|
0-0: Ground out 3-1 (Groundball, 34, EV 99.4 MPH)
|
Batting: RHB Chris Pozzi
|
0-0: Ball 1-0: Called Strike 1-1: Ball 2-1: SOLO HOME RUN (Flyball, 78XD, EV 113.8 MPH), Distance : 431 ft
|
Batting: RHB Freddy Quintero
|
0-0: Ball 1-0: Ball 2-0: SINGLE (Groundball, 56S, EV 68.8 MPH) (infield hit)
|
Batting: SHB Mike Corley
|
0-0: Called Strike 0-1: Foul Ball, location: 2F 0-2: Foul Ball, location: 2F 0-2: Strikes out looking
|
Bottom of the 8th over - 1 run, 2 hits, 0 errors, 1 left on base; Tri-City 3 - West Virginia 2 |
TOP OF THE 9TH |
Tri-City Dust Devils batting - Pitching for West Virginia Black Bears : RHP Shuji Ito
|
Batting: RHB Joe Weissman
|
0-0: Ball 1-0: Ground out 5-3 (Groundball, 5, EV 80.0 MPH)
|
Batting: RHB Bryan Pitcher
|
0-0: Ball 1-0: Called Strike 1-1: Fly out, F8 (Flyball, 89D, EV 81.9 MPH)
|
Batting: LHB Paul Adams
|
0-0: Fly out, F9 (Flyball, 9D, EV 93.8 MPH)
|
Top of the 9th over - 0 runs, 0 hits, 0 errors, 0 left on base; Tri-City 3 - West Virginia 2 |
BOTTOM OF THE 9TH |
West Virginia Black Bears batting - Pitching for Tri-City Dust Devils : RHP Eric Teixeira
|
Pitching: RHP Angelo Radford
|
|
Batting: RHB Chris Beckham
|
0-0: Ball 1-0: SINGLE (Groundball, 56D, EV 102.5 MPH)
|
Batting: LHB Joe Hoover
|
0-0: Bunted foul 0-1: Bunted foul 0-2: Ball 1-2: Strikes out swinging
|
Batting: LHB Gregg Kellerman
|
0-0: Ball 1-0: Ball 2-0: Foul Ball, location: 2F 2-1: Grounds into double play, 6-4-3 (Groundball, 56, EV 90.0 MPH)
|
Bottom of the 9th over - 0 runs, 1 hit, 0 errors, 0 left on base; Tri-City 3 - West Virginia 2 |
|